 Dungeon Crawl Stone Soup version 0.18-a0-1293-g5a2c81a (webtiles) character file.

188 Duffy the Sneak (level 5, -2/24 HPs)
             Began as a Spriggan Enchanter on Feb 10, 2016.
             Was a Follower of Vehumet.
             Shot with a poisoned arrow by a centaur (10 damage)
             ... on level 3 of the Dungeon.
             The game lasted 00:05:07 (3467 turns).

Duffy the Sneak (Spriggan Enchanter)                Turns: 3467, Time: 00:05:07

Health: -2/24      AC:  4    Str:  4    XL:     5   Next: 39%
Magic:  1/10       EV: 13    Int: 18    God:    Vehumet [*.....]
Gold:   234        SH:  0    Dex: 16    Spells: 4 memorised, 0 levels left

rFire  x . .     SeeInvis +     v - +0 short sword (venom)
rCold  + . .     Gourm    .     b - +1 robe
rNeg   . . .     Faith    .     (shield restricted)
rPois  .         Spirit   .     (helmet restricted)
rElec  .         Dismiss  .     t - +0 cloak
rCorr  .         Reflect  .     (gloves unavailable)
SustAt .         Harm     .     (boots unavailable)
MR     .....                    (no amulet)
Stlth  ++++......               (no ring)
                                k - ring of ice

@: lethally poisoned (-2 -> -16), very slightly contaminated, very quick, not
resistant to hostile enchantments, stealthy
A: unfitting armour, see invisible, herbivore 3, speed 3, slow metabolism 2
a: Renounce Religion


You were on level 3 of the Dungeon.
You worshipped Vehumet.
Vehumet was aware of your devotion.
You were very hungry.

You visited 2 branches of the dungeon, and saw 6 of its levels.

You collected 234 gold pieces.


Innate Abilities, Weirdness & Mutations

You are tiny and cannot use many weapons and most armour.
You have supernaturally acute eyesight.
You are a herbivore.
You cover ground extremely quickly.
You need consume almost no food.


   Skills:
 - Level 4.0 Short Blades
 - Level 3.0 Dodging
 - Level 7.2 Stealth
 + Level 2.9 Spellcasting
 + Level 3.9 Hexes


You couldn't memorise any spells.
You knew the following spells:

 Your Spells              Type           Power        Failure   Level  Hunger
a - Ensorcelled Hibernat  Hex/Ice        ##....       12%         2    ##.....
c - Confuse               Hex            ###.....     12%         3    ###....
l - Tukima's Dance        Hex            ###.....     12%         3    ###....
r - Corona                Hex            ###....      3%          1    None

Inventory:

Hand Weapons
 a - a +1 dagger
 v - a +0 short sword of venom (weapon)
Armour
 b - a +1 robe (worn)
 t - a +0 cloak (worn)
 x - a +1 robe of resistance
Jewellery
 k - a ring of ice (left hand)
Scrolls
 e - 3 scrolls of recharging {unknown}
 i - 2 scrolls of remove curse {unknown}
 j - 2 scrolls of identify {unknown}
 m - a scroll of enchant armour {unknown}
 n - a scroll of blinking {unknown}
 o - 2 scrolls of magic mapping {unknown}
 s - a scroll of noise {unknown}
 y - a scroll of random uselessness {unknown}
 z - a scroll of enchant weapon {unknown}
 A - a scroll of fear {unknown}
Potions
 f - a potion of degeneration {unknown}
 g - 3 potions of curing {unknown}
 l - a potion of ambrosia {unknown}
 p - a potion of heal wounds {unknown}
 q - 2 potions of haste {unknown}
 u - a potion of agility {unknown}
Books
 c - a book of Maledictions
 h - a book of Power
 r - a book of Party Tricks
Comestibles
 d - 3 bread rations
 w - 4 royal jellies

Dungeon Overview and Level Annotations

Branches:
Dungeon (5/15)             Temple (1/1) D:5

Altars:
Cheibriados
Dithmenos
Gozag
Kikubaaqudgha
Nemelex Xobeh
Okawaru
Pakellas
Qazlal
Ru
Sif Muna
Trog
Vehumet
Xom
Yredelemnul
Zin
The Shining One


Message History

Cast which spell? (? or * to list)
Aiming: Confuse
Press: ? - help, Shift-Dir - straight line, f - centaur
Aim: a centaur, wielding a shortbow (chance to defeat MR: 48%)
You miscast Confuse.
You are very lightly contaminated with residual magic.
Nothing appears to happen.
The centaur shoots a poisoned arrow.
The poisoned arrow misses you.
Cast which spell? (? or * to list)
Aiming: Confuse
Press: ? - help, Shift-Dir - straight line, f/p - centaur
Aim: a centaur, wielding a shortbow (chance to defeat MR: 48%)
The centaur resists with some effort.
The centaur shoots a poisoned arrow.
The poisoned arrow completely misses you.
Cast which spell? (? or * to list)
Aiming: Confuse
Press: ? - help, Shift-Dir - straight line, f/p - centaur
Aim: a centaur, wielding a shortbow (chance to defeat MR: 48%)
You miscast Confuse.
Nothing appears to happen.
You are feeling very hungry.
The centaur shoots a poisoned arrow.
The poisoned arrow barely misses you.
The centaur shoots a poisoned arrow.
The poisoned arrow barely misses you.
The centaur shoots a poisoned arrow.
The poisoned arrow hits you.
You are poisoned.
You see here a poisoned arrow.
You feel sick.
The centaur shoots a poisoned arrow.
The poisoned arrow misses you.
You feel sick.
The centaur shoots a poisoned arrow.
The poisoned arrow hits you!
You are lethally poisoned!
There is a stone staircase leading up here.
You see here a poisoned arrow.
You feel sick.
The centaur shoots a poisoned arrow.
The poisoned arrow hits you!
You die...

#####.......# .#
####..##.......###.##
...............#....# .
####...........#....##.
# #.#####...c........
####.# #.[...#..# ..#..#
#......# ....<#
#.#./..###.# #....#
##(#.@......#
#....#######...........#
#.#)...........%(.......
...[.......##(####....##
#.######...##.# #....#
..# #..###.# ..... .##
#..>...## .... ##
##......###.###.# #
##.##.........


You could see a centaur.

Action                   |  1- 3 |  4- 6 || total
-------------------------+-------+-------++-------
Melee: Dagger            |    46 |    72 ||   118
       Short sword       |       |    78 ||    78
 Cast: Ensorcelled Hiber |     2 |     4 ||     6
       Confuse           |       |     1 ||     1
 Stab: Sleeping          |     4 |    18 ||    22
       Distracted        |       |     1 ||     1

Notes
Turn   | Place    | Note
--------------------------------------------------------------
     0 | D:1      | Duffy the Spriggan Enchanter began the quest for the Orb.
     0 | D:1      | Reached XP level 1. HP: 9/9 MP: 5/5
   316 | D:1      | Reached XP level 2. HP: 10/13 MP: 6/6
   324 | D:1      | Reached skill level 5 in Stealth
   381 | D:1      | Learned a level 2 spell: Ensorcelled Hibernation
   777 | D:4      | Reached skill level 2 in Short Blades
   777 | D:4      | Reached XP level 3. HP: 16/16 MP: 8/8
   782 | D:4      | Learned a level 3 spell: Confuse
   790 | D:4      | Reached skill level 6 in Stealth
   842 | D:4      | Reached skill level 3 in Short Blades
  1001 | D:3      | Reached XP level 4. HP: 21/21 MP: 9/9
  1175 | D:5      | Entered Level 5 of the Dungeon
  1242 | D:5      | Found a staircase to the Ecumenical Temple.
  1248 | Temple   | Entered the Ecumenical Temple
  1338 | Temple   | Became a worshipper of Vehumet
  1398 | D:3      | Noticed Jessica
  2292 | D:2      | Reached * piety under Vehumet
  2292 | D:2      | Offered knowledge of Sandblast by Vehumet.
  2563 | D:1      | Reached XP level 5. HP: 24/24 MP: 10/10
  3058 | D:2      | Reached skill level 4 in Short Blades
  3095 | D:2      | Reached skill level 7 in Stealth
  3222 | D:2      | Learned a level 3 spell: Tukima's Dance
  3343 | D:3      | Killed Jessica
  3442 | D:3      | Noticed a centaur
  3467 | D:3      | Shot with a poisoned arrow by a centaur

Vault maps used:
D:1:      kilobyte_arrival_exit_the_forest
D:2:      first_bread
D:3:      uniq_jessica
D:4:      kennysheep_generic_room_3
D:5:      gammafunk_temple_overflow_statue, minmay_temple_entry_enclosed_plants,
          uniq_eustachio
Temple:   lightli_temple_of_artemis

Vanquished Creatures
  A hound Jessica
  A worker ant
  4 adders
  5 worms
  A giant gecko
  9 bats
  3 giant cockroaches
  7 goblins
  5 hobgoblins
  8 jackals
  A giant gecko zombie
  3 giant newts
  A jackal skeleton
  5 kobolds
  6 rats
61 creatures vanquished.
